 Dungeon Crawl Stone Soup version 0.28-a0-938-gbc3f381ebc (webtiles) character file.

Game seed: 3897748649346569150

16 derath95 the Digger (level 2, -2/15 HPs)
             Began as a Gargoyle Earth Elementalist on Nov 29, 2021.
             Slain by a kobold (4 damage)
             ... on level 2 of the Dungeon.
             The game lasted 00:02:30 (980 turns).

derath95 the Digger (Gargoyle Earth Elementalist)    Turns: 980, Time: 00:02:30

Health: -2/15      AC:  4    Str: 11    XL:     2   Next: 54%
Magic:  3/5        EV: 11    Int: 15    God:
Gold:   69         SH:  0    Dex: 10    Spells: 5/6 levels left

rFire   . . .      SeeInvis .   d - +0 dagger (elec)
rCold   . . .      Faith    .   (no shield)
rNeg    + . .      Spirit   .   b - +0 robe
rPois   ∞          Reflect  .   (no helmet)
rElec   +          Harm     .   (no cloak)
rCorr   .          Rampage  .   (no gloves)
Will    .....                   (no boots)
Stlth   ++........              (no amulet)
HPRegen 0.05/turn               (no ring)
MPRegen 0.09/turn               (no ring)

@: no status effects
A: sickness immunity, AC +2, negative energy resistance 1, electricity
resistance, torment resistance 1, petrification resistance
a: no special abilities


You were on level 2 of the Dungeon.
You visited 1 branch of the dungeon, and saw 2 of its levels.

You collected 69 gold pieces.

Inventory:

Hand Weapons
 d - a +0 dagger of electrocution (weapon)
Missiles
 c - 111 stones
Armour
 b - a +0 robe (worn)
Scrolls
 a - a scroll of identify {unknown}
 f - a scroll of fear {unknown}
Potions
 e - a potion of brilliance {unknown}


   Skills:
 - Level 1.5 Dodging
 - Level 2.1 Stealth
 + Level 2.5 Spellcasting
 - Level 0.7 Transmutations
 + Level 4.1 Earth Magic


You had 5 spell levels left.
You knew the following spells:

 Your Spells              Type           Power      Damage    Failure   Level
a - Sandblast             Erth           28%        2d8       3%          1

Your spell library contained the following spells:

 Spells                   Type           Power      Damage    Failure   Level
 Passwall                 Tmut/Erth      7%         N/A       12%         2
 Stone Arrow              Conj/Erth      16%        3d8       26%         3
 Petrify                  Tmut/Erth      9%         N/A       61%         4


Dungeon Overview and Level Annotations

Branches:
Dungeon (2/15)

Altars:


Innate Abilities, Weirdness & Mutations

You are immune to sickness and miasma.
Your stone body is resilient. (AC +2)
You are immune to poison.
You resist negative energy. (rN+)
You are resistant to electric shocks. (rElec)
You are resistant to unholy torment.
You are immune to petrification.


Message History

The ball python hisses angrily.
The ball python bites you. The ball python grabs you.
The ball python constricts you.
The kobold throws a stone.
The stone hits you but does no damage.
You closely miss the ball python. The ball python barely misses you.
The ball python constricts you.
The ball python bites you but does no damage.
The ball python constricts you.
You closely miss the ball python. The ball python bites you.
The ball python constricts you.
You hit the ball python.
The ball python is moderately wounded.
The ball python bites you but does no damage.
The ball python constricts you. The kobold hits you but does no damage.
Casting: Sandblast (safe; 4% risk of failure)
Confirm with . or Enter, or press ? or * to list all spells.
Aiming: Sandblast (safe; 4% risk of failure)
Press: ? - help, Shift-Dir - straight line, f - ball python
Aim: a ball python (moderately wounded, constricting you, 77% to hit)
The blast of sand hits the ball python!
You kill the ball python!
The kobold closely misses you. The giant cockroach bites you.
You hit the kobold but do no damage. The giant cockroach closely misses you.
The kobold closely misses you.
You hit the kobold but do no damage. The giant cockroach bites you.
The kobold barely misses you.
You closely miss the kobold. The giant cockroach barely misses you.
The kobold hits you with a +0 short sword.
* * * LOW HITPOINT WARNING * * *
Casting: Sandblast (safe; 3% risk of failure)
Confirm with . or Enter, or press ? or * to list all spells.
Aiming: Sandblast (safe; 3% risk of failure)
Press: ? - help, Shift-Dir - straight line, f - kobold
Aim: a kobold, wielding a +0 short sword and quivering stones (74% to hit)
The blast of sand hits the kobold.
The kobold is moderately wounded.
The giant cockroach bites you.
* * * LOW HITPOINT WARNING * * *
The kobold hits you with a +0 short sword.
You die...

#.#.....##..#
#.#.........#
#>#.....###.# ########
#.#..†..# #.# .......#
#.#.....# #.#
......####.####### #.# .
.....§.##.# ####.#
)...###K_.§#.######.>...
#....B@§...........##.#
##.########.#####......
#####.#####......
#...............#
#....###.######.##.# ##.
#.# ##..##.# #.#
##..##..# #.###..###.##
#.....## #.#


You could see a giant cockroach and a kobold.

Vanquished Creatures
  A ball python (D:2)
  2 bats (D:1)
  4 endoplasms
  2 goblins (D:1)
  2 frilled lizards (D:1)
  4 rats
15 creatures vanquished.

Notes
Turn   | Place    | Note
-------+----------+-------------------------------------------
     0 | D:1      | derath95 the Gargoyle Earth Elementalist began the quest
                  | for the Orb.
     0 | D:1      | Reached XP level 1. HP: 10/10 MP: 3/3
   473 | D:1      | Reached XP level 2. HP: 15/15 MP: 3/5
   565 | D:1      | Reached skill level 4 in Earth Magic
   961 | D:2      | Found a faded altar of an unknown god.
   980 | D:2      | Slain by a kobold

Illustrated notes

Levels and vault maps discovered:
D:1:      saegor_arrival_miasma, layout_loops_ring, minmay_tromino_i4
D:2:      layout_rooms, ebering_ecumenical_altar_mist, serial_shops, shop,
          minmay_worlds_worst_comb

Skill      XL: |  1  2 |
---------------+-------+-----
Earth Magic    | 4 |  4.1
Dodging        | |  1.5
Stealth        | |  2.1
Spellcasting   | |  2.5
Transmutations | |  0.7

Action                   || total
-------------------------++-------
Melee: Unarmed           ||    18
       Dagger            ||    20
 Cast: Sandblast         ||     8
 Stab: Sleeping          ||     1
Armor: Robe              ||    14
Dodge: Dodged            ||    16

Table legend: (Time is in decaauts)
 A = Elapsed time spent in this place.
 B = Non-inter-level travel time spent in this place.
 C = Inter-level travel time spent in this place.
 D = Time resting spent in this place.
 E = Time spent auto-exploring this place.
 F = Levels seen in this place.
 G = Mean time per level.
                   A        B        C        D        E       F      G
               +--------+--------+--------+--------+--------+-----+--------+
         Total |    979 |    979 |      0 |    205 |    612 |   2 |  489.5 |
       Dungeon |    979 |    979 |      0 |    205 |    612 |   2 |  489.5 |
               +--------+--------+--------+--------+--------+-----+--------+

Top non-repeatable levels by time:
     D:1: 870 daAuts
     D:2: 108 daAuts
